 Seeded DCSS version 0.30-a0-956-gcec3b41aec (webtiles) character file.

Game seed: 13137397067068997422 (custom seed)

4695 mistaj the Fighter (level 10, -8/57 HPs)
             Began as a Vine Stalker Fighter on Mar 30, 2023.
             Was a Believer of Okawaru.
             Killed from afar by an acid dragon (10 damage)
             ... with a splash of acid
             ... on level 8 of the Dungeon.
             The game lasted 00:10:01 (6995 turns).

mistaj the Fighter (Vine Stalker Fighter)           Turns: 6995, Time: 00:10:01

Health: -8/57      AC:  3    Str: 27    XL:     10   Next: 44%
Magic:  0/21       EV: 10    Int: 14    God:    Okawaru [**....]
Gold:   1536       SH: 11    Dex: 14    Spells: 11/11 levels left

rFire   + . .      SeeInvis +    a - +0 war axe
rCold   . . .      Faith    .    c - +0 buckler
rNeg    + . .      Spirit   +    v - +1 ring mail {rF+}
rPois   .          Reflect  +    (no helmet)
rElec   .          Rampage  .    n - scarf {repulsion}
rCorr   .                        (no gloves)
Will    +....                    k - +0 pair of boots
Stlth   +                        m - amulet of reflection
HPRegen 1.09/turn                f - ring of Ascent {Contam MP+9 Str+4 Int+6 SInv}
MPRegen 0.17/turn                z - ring of positive energy

@: corroded, repel missiles
A: fangs 3, regeneration 1, magic shield, antimagic bite, no potion heal 2
a: Renounce Religion, Heroism


You were on level 8 of the Dungeon.
You worshipped Okawaru.
Okawaru was pleased with you.
You visited 2 branches of the dungeon, and saw 9 of its levels.
You also visited: Sewer.

You collected 1536 gold pieces.

Inventory:

Hand Weapons
 a - a +0 war axe (weapon)
Armour
 c - a +0 buckler (worn)
 k - a +0 pair of boots (worn)
 n - a scarf of repulsion (worn)
 v - a +1 ring mail of fire resistance (worn)
 A - a +1 ring mail of cold resistance
Jewellery
 f - the ring of Ascent (left hand) {Contam MP+9 Str+4 Int+6 SInv}
   (You acquired it on level 1 of the Dungeon)

   [ring of intelligence]

   Str:       It affects your strength (+4).
   Int:       It affects your intelligence (+6).
   MP:        It affects your magic capacity (+9).
   SInv:      It lets you see invisible.
   Contam:    It causes magical contamination when unequipped.
 m - an amulet of reflection (around neck)
 z - a ring of positive energy (right hand)
 G - a ring of protection from cold
Wands
 y - a wand of paralysis (4)
 C - a wand of digging (5)
 F - a wand of roots (5)
Scrolls
 b - a scroll of torment {unknown}
 e - 11 scrolls of identify {unknown}
 j - 3 scrolls of teleportation {unknown}
 l - 4 scrolls of vulnerability {unknown}
 o - 2 scrolls of magic mapping {unknown}
 p - a scroll of poison {unknown}
 q - a scroll of silence {unknown}
 u - 4 scrolls of enchant armour {unknown}
 w - 2 scrolls of fog {unknown}
 B - a scroll of butterflies {unknown}
 D - a scroll of amnesia {unknown}
 E - a scroll of enchant weapon {unknown}
Potions
 d - 5 potions of might
 g - 6 potions of curing {unknown}
 h - a potion of cancellation {unknown}
 i - 4 potions of mutation {unknown}
 r - 2 potions of brilliance
 s - 3 potions of heal wounds {unknown}
 t - 2 potions of haste {unknown}
 x - a potion of berserk rage {unknown}


   Skills:
 + Level 8.4 Fighting
 + Level 8.1 Axes
 - Level 2.4 Armour
 + Level 8.4 Shields
 - Level 1.3 Spellcasting


You had 11 spell levels left.
You didn't know any spells.
Your spell library contained the following spells:

 Spells                   Type           Power      Damage    Failure   Level
 Freeze                   Ice            0%         1d3       43%         1
 Cigotuvi's Dreadful Rot  Necr/Pois/Air  0%         N/A       58%         2
 Frozen Ramparts          Ice            0%         1d1       82%         3
 Hailstorm                Conj/Ice       0%         3d3       82%         3
 Dispel Undead            Necr           0%         3d6       99%         4
 Yara's Violent Unravell  Hex/Tmut       0%         3d3       100%        5
 Enfeeble                 Hex            0%         N/A       100%        7
 Chain Lightning          Conj/Air       0%         N/A       100%        9
 Fire Storm               Conj/Fire      0%         5d1       100%        9
 Shatter                  Erth           0%         3d5*      100%        9
 Death Channel            Necr           Unusable   N/A       N/A         6

Dungeon Overview and Level Annotations

Branches:
Dungeon (8/15)             Temple (1/1) D:5           Sewer (visited)
   Lair: D:8-11

Altars:
Ashenzari
Cheibriados
Dithmenos
Elyvilon
Fedhas
Gozag
Kikubaaqudgha
Nemelex Xobeh
Okawaru
Qazlal
Sif Muna
Uskayaw
Wu Jian
Xom
Yredelemnul
Zin
The Shining One

Shops:
D:5 *   D:8 *


Innate Abilities, Weirdness & Mutations

You have razor-sharp teeth.
Your natural rate of healing is unusually fast.
When hurt, damage is shared between your health and your magic reserves.
Your bite disrupts and absorbs the magic of your enemies.
Potions cannot restore your health.


Message History

The gnoll is moderately wounded.
You block the gnoll's attack.
The gnoll sergeant hits you from afar with a +0 spear!
The gnoll hits you with a +0 whip.
Unknown command.
You closely miss the gnoll. Your bite misses the gnoll.
The gnoll is moderately wounded.
You block the gnoll's attack.
The gnoll sergeant hits you from afar with a +0 spear!
You block the gnoll's attack.
You slash the gnoll!
You kill the gnoll!
Okawaru accepts your kill. You block the gnoll's attack.
The gnoll sergeant hits you from afar with a +0 spear.
Unknown command.
Unknown command.
You are too injured to fight recklessly!
Unknown command.
You are too injured to fight recklessly!
You are too injured to fight recklessly!
Unknown command.
You are too injured to fight recklessly!
You are too injured to fight recklessly!
You slash the acid dragon!
The acid dragon is moderately wounded.
The gnoll hits you from afar with a +0 spear.
The gnoll sergeant hits you from afar with a +0 spear!
The acid dragon spits acid at you.
The splash of acid is repelled.
You closely miss the acid dragon.
The acid dragon is moderately wounded.
The acid dragon spits acid at you. The splash of acid hits you!!
* * * LOW HITPOINT WARNING * * *
The acid corrodes you! The gnoll completely misses you.
You block the gnoll sergeant's attack. The acid dragon spits acid at you.
The splash of acid hits you!
You die...

#......## #.
#.......# #.#
#........ # ._.
'........ #. ###
#........ .. ###
#gg......
#.#######Dgg.....
#.........#####.#
####...@###
#...## #..## #..#
#..## #...#
#...#####
#.......####
##...........


You could see an acid dragon (catching breath), a gnoll sergeant and 3 gnolls.

Vanquished Creatures
  Sigmund (D:4)
  2 wyverns
  Eustachio (D:4)
  2 steam dragons (D:8)
  Duvessa (D:4)
  An acid dragon (D:8)
  A water moccasin (D:6)
  2 ice beasts (D:7)
  3 sky beasts
  3 black bears
  3 ogres
  7 centaurs
  2 phantoms (D:6)
  Blork the orc (D:4)
  5 bullfrogs
  2 scorpions
  9 wights
  Dowan (D:4)
  3 howler monkeys
  2 orc priests
  A hound (D:5)
  2 jellies
  A sleepcap (D:6)
  An iguana (D:5)
  Terence (D:3)
  5 orc wizards
  10 gnolls
  10 adders
  6 river rats (Sewer)
  A shadow imp (D:6)
  3 white imps
  4 worms
  5 dart slugs
  18 orcs
  6 endoplasms
  8 giant cockroaches
  6 goblins
  7 hobgoblins
  3 quokkas
  18 ball pythons
  6 bats
  4 frilled lizards
  12 kobolds
  34 rats
  A spectral orc (D:7)
225 creatures vanquished.

Vanquished Creatures (others)
  2 demonic plants (D:3)
  A fungus (D:7)
3 creatures vanquished.

Grand Total: 228 creatures vanquished

Notes
Turn   | Place    | Note
-------+----------+-------------------------------------------
     0 | D:1      | mistaj the Vine Stalker Fighter began the quest for the
                  | Orb.
     0 | D:1      | Reached XP level 1. HP: 11/11 MP: 2/2
    76 | D:1      | Reached XP level 2. HP: 16/16 MP: 3/3
    98 | D:1      | Identified a scroll of acquirement
    98 | D:1      | Acquired the ring of Ascent {Contam MP+9 Str+4 Int+6 SInv}
   455 | D:1      | Reached XP level 3. HP: 19/20 MP: 4/4
   725 | D:2      | Found Xexamnid's Weapon Shoppe.
   957 | D:2      | Reached skill level 1 in Spellcasting
   996 | D:2      | Gained mutation: Your natural rate of healing is unusually
                  | fast. [Vine Stalker growth]
   996 | D:2      | Reached XP level 4. HP: 22/24 MP: 6/6
  1193 | D:3      | Acquired a scarf of repulsion
  1216 | D:3      | Found a faded altar of an unknown god.
  1233 | D:3      | Found an ornate altar of the Wu Jian Council.
  1562 | D:3      | Noticed Terence
  1569 | D:3      | Killed Terence
  1570 | D:3      | Reached XP level 5. HP: 28/28 MP: 7/7
  1642 | D:3      | Found a broken altar of Ashenzari.
  2310 | D:4      | Noticed an ogre
  2316 | D:4      | Killed an ogre
  2317 | D:4      | Reached XP level 6. HP: 7/33 MP: 2/8
  2449 | D:4      | Found an opulent altar of Gozag.
  2517 | D:4      | Noticed Blork the orc
  2527 | D:4      | Killed Blork the orc
  2580 | D:4      | Found a snail-covered altar of Cheibriados.
  2669 | D:4      | Acquired 1082 gold pieces
  2694 | D:4      | Found a glowing silver altar of Zin.
  2751 | D:4      | Noticed Dowan
  2753 | D:4      | Noticed Duvessa
  2753 | D:4      | Noticed Sigmund
  2812 | D:4      | Killed Sigmund
  2813 | D:4      | Reached XP level 7. HP: 38/38 MP: 9/9
  2838 | D:4      | Killed Duvessa
  2856 | D:4      | Killed Dowan
  2857 | D:4      | Reached skill level 5 in Fighting
  2857 | D:4      | Reached skill level 5 in Shields
  3112 | D:4      | Noticed Eustachio
  3123 | D:4      | Killed Eustachio
  3124 | D:4      | Gained mutation: You have razor-sharp teeth. [Vine Stalker
                  | growth]
  3124 | D:4      | Reached XP level 8. HP: 43/43 MP: 10/10
  3206 | D:4      | Reached skill level 5 in Axes
  3569 | D:5      | Entered Level 5 of the Dungeon
  3594 | D:5      | Found a glowing drain.
  3619 | Sewer    | Entered a sewer
  4333 | D:5      | Found Fattoqam's Elemental Accessories.
  4381 | D:5      | Reached XP level 9. HP: 46/49 MP: 11/11
  4430 | D:5      | Found a staircase to the Ecumenical Temple.
  4474 | Temple   | Entered the Ecumenical Temple
  4488 | Temple   | Became a worshipper of Warmaster Okawaru
  4808 | D:6      | Reached * piety under Okawaru
  4888 | D:6      | Found a shadowy altar of Dithmenos.
  5563 | D:7      | Reached ** piety under Okawaru
  5564 | D:7      | Reached XP level 10. HP: 56/56 MP: 12/12
  5573 | D:7      | Found an ancient bone altar of Kikubaaqudgha.
  5861 | D:7      | Found a glowing golden altar of the Shining One.
  6156 | D:7      | Found a basalt altar of Yredelemnul.
  6437 | D:8      | Found Liozef's General Store.
  6871 | D:8      | Identified the +0 plate armour "Bouxoar" {Rampage}
  6968 | D:8      | Found a shimmering altar of Xom.
  6994 | D:8      | HP: 1/57 [acid dragon/splash of acid (20)]
  6995 | D:8      | Killed from afar by an acid dragon

Illustrated notes

Levels and vault maps discovered:
D:1:      dpeg_arrival_long_road, layout_basic
D:2:      layout_rooms, serial_shops, nicolae_shop_bloodbath_and_beyond
D:3:      layout_loops_corners, lemuel_round_altar,
          mainiacjoe_overflow_alcove_4, shapermc_ecumenical_altar_gd,
          minmay_misc_feat_roman, uniq_terence
D:4:      cheibrodos_old_hovel, layout_basic, kennysheep_mini,
          nicolae_gozag_cash_rules_everything_around_me, zin_statuary,
          uniq_eustachio, uniq_duvessa, uniq_blork_the_orc, uniq_sigmund
D:5:      layout_basic, minmay_temple_entry_antechambers, portal_sewer_entry_b,
          nicolae_elemental_shop
D:6:      layout_rooms, grunt_dithmenos_shadows, centaur_isle
D:7:      layout_rooms, yredelemnul_forgotten_temple_becter,
          mainiacjoe_overflow_boulevard, general_overflow_altar
D:8:      layout_layer_cave, lemuel_doored_altar, mainiacjoe_overflow_24_doors,
          serial_shops, shop
Temple:   chequers_temple_sunken

Skill      XL: |  1  2  3  4  5  6  7  8  9 10 |
---------------+-------------------------------+-----
Axes           | 2 3 4 6 7 8 |  8.1
Fighting       | 3 4 5 6 7 8 |  8.4
Shields        | 3 4 5 6 7 8 |  8.4
Spellcasting   | 1 |  1.3
Armour         | |  2.4

Action                     |  1- 3 |  4- 6 |  7- 9 | 10-12 || total
---------------------------+-------+-------+-------+-------++-------
  Melee: War axe           |    79 |    88 |   294 |   101 ||   562
         Bite              |    14 |    18 |    81 |    28 ||   141
    Use: Scroll            |     1 |     2 |       |       ||     3
 Armour: Scale mail        |    41 |    21 |    37 |       ||    99
         Ring mail         |       |       |    66 |    24 ||    90
  Dodge: Dodged            |    42 |    24 |   153 |    42 ||   261
         Repelled          |       |     3 |       |     2 ||     5
  Block: Buckler           |    24 |    53 |   216 |    41 ||   334
         Reflection        |       |     2 |    23 |     1 ||    26

Table legend: (Time is in decaauts)
 A = Elapsed time spent in this place.
 B = Non-inter-level travel time spent in this place.
 C = Inter-level travel time spent in this place.
 D = Time resting spent in this place.
 E = Time spent auto-exploring this place.
 F = Levels seen in this place.
 G = Mean time per level.
                   A        B        C        D        E       F      G
               +--------+--------+--------+--------+--------+-----+--------+
         Total |   7191 |   6991 |    200 |   1157 |   4145 |  10 |  719.1 |
       Dungeon |   6802 |   6615 |    187 |   1152 |   4027 |   8 |  850.2 |
        Temple |     32 |     19 |     13 |      0 |      0 |   1 |   32.0 |
         Sewer |    356 |    356 |      0 |      5 |    118 |   1 |  356.0 |
               +--------+--------+--------+--------+--------+-----+--------+

Top non-repeatable levels by time:
     D:4: 1338 daAuts
     D:3: 1158 daAuts
     D:6: 1049 daAuts
     D:7: 798 daAuts
     D:1: 720 daAuts
     D:8: 656 daAuts
     D:5: 647 daAuts
     D:2: 433 daAuts
   Sewer: 356 daAuts
  Temple: 32 daAuts
